 Dungeon Crawl Stone Soup version 0.30-a0-134-gb40fab5c76 (webtiles) character file.

Game seed: 8681850966437792737

5 IdlyInterested the Conjurer (level 1, -1/15 HPs)
             Began as a Demonspawn Wanderer on Sept 19, 2022.
             Slain by a hobgoblin (4 damage)
             ... on level 1 of the Dungeon.
             The game lasted 00:01:51 (373 turns).

IdlyInterested the Conjurer (Demonspawn Wanderer)    Turns: 373, Time: 00:01:51

Health: -1/15      AC:  2    Str: 10    XL:     1   Next: 66%
Magic:  0/2        EV: 11    Int: 16    God:
Gold:   13         SH:  0    Dex: 11    Spells: 1/2 levels left

rFire   . . .      SeeInvis .    h - +0 short sword
rCold   . . .      Faith    .    (no shield)
rNeg    . . .      Spirit   .    d - +0 robe
rPois   .          Reflect  .    (no helmet)
rElec   .          Harm     .    (no cloak)
rCorr   .          Rampage  .    (no gloves)
Will    .....                    (no boots)
Stlth   +.........               (no amulet)
HPRegen 0.05/turn                (no ring)
MPRegen 0.08/turn                (no ring)

@: hasted, very quick
A: no striking features
a: no special abilities


You were on level 1 of the Dungeon.
You visited 1 branch of the dungeon, and saw 1 of its levels.

You collected 13 gold pieces.

Inventory:

Hand Weapons
 a - a +0 dagger
 h - a +0 short sword (weapon)
Armour
 d - a +0 robe (worn)
 i - a +0 ring mail
Scrolls
 c - a scroll of fear
 e - a scroll of teleportation
 f - a scroll of identify {unknown}
 g - a scroll of butterflies {unknown}
 j - a scroll of immolation {unknown}
 m - a scroll of noise {unknown}
 n - a scroll of summoning {unknown}
Potions
 b - a potion of mutation


   Skills:
 * Level 1.2 Fighting
 + Level 0.1 Short Blades
 - Level 1.0 Armour
 * Level 1.2 Dodging
 + Level 1.1 Stealth
 - Level 1.0 Spellcasting
 - Level 4.0 Conjurations
 + Level 0.1 Air Magic
 - Level 1.2 Invocations


You had one spell level left.
You knew the following spells:

 Your Spells              Type           Power      Damage    Failure   Level
a - Shock                 Conj/Air       28%        1d4       10%         1

Your spell library contained the following spells:

 Spells                   Type           Power      Damage    Failure   Level
 Mephitic Cloud           Conj/Pois/Air  5%         N/A       36%         3
 Call Canine Familiar     Summ           0%         N/A       56%         3
 Portal Projectile        Hex/Tloc       0%         N/A       56%         3
 Hailstorm                Conj/Ice       7%         3d4       69%         4
 Leda's Liquefaction      Hex/Erth       0%         N/A       92%         4


Dungeon Overview and Level Annotations

Branches:
Dungeon (1/15)

Altars:


Message History

The hobgoblin hits you.
You hit the hobgoblin.
You kill the hobgoblin!
You closely miss the goblin.
The goblin is severely wounded.
The goblin hits you with a +0 dagger.
You closely miss the goblin.
The goblin is severely wounded.
An endoplasm comes into view.
The goblin hits you but does no damage.
You hit the goblin.
You kill the goblin!
You closely miss the kobold. The kobold barely misses you.
You miss the kobold.
The kobold hits you with a +0 short sword.
* * * LOW HITPOINT WARNING * * *
It was a potion of curing.
You feel better.
The kobold hits you with a +0 short sword.
Your magical contamination has completely faded away.
You closely miss the kobold. The kobold closely misses you.
You closely miss the kobold.
The kobold hits you with a +0 short sword.
You closely miss the kobold.
The kobold hits you with a +0 short sword.
Aiming: Shock (safe; 10% risk of failure)
Press: ? - help, Q - select action Shift-Dir - straight line, f/p - worm
Aim: a worm (89% to hit)
The zap hits the kobold.
You kill the kobold!
The zap hits the hobgoblin but does no damage.
The zap hits the worm.
The worm is moderately wounded.
You completely miss the hobgoblin. The hobgoblin hits you.
* * * LOW HITPOINT WARNING * * *
It was a potion of haste.
You feel yourself speed up. The hobgoblin closely misses you.
You hit the hobgoblin.
The hobgoblin is severely wounded.
The hobgoblin hits you.
You die...

..###...###≈§.##.#.#
##..####.##≈.≈#....#
# ####..###.>.#...##
# ######.≈≈#....# .
...............# ..
.##............# ##.
....#.........##
#.##.......#...##
..##.#....###@#
#.####..##g# #
##..JB#
.......w....#
............#
............#
............#
............#
............#


You could see a worm, an endoplasm, a giant cockroach and a hobgoblin.

Vanquished Creatures
  A goblin (D:1)
  A hobgoblin (D:1)
  2 kobolds (D:1)
  A frilled lizard (D:1)
5 creatures vanquished.

Notes
Turn   | Place    | Note
-------+----------+-------------------------------------------
     0 | D:1      | IdlyInterested the Demonspawn Wanderer began the quest for
                  | the Orb.
     0 | D:1      | IdlyInterested set off with the following items: a +0
                  | dagger, a potion of mutation, a scroll of fear, a +0 robe,
                  | a scroll of teleportation; and the following spell
                  | memorised: Shock; and the following spells available to
                  | memorise: Mephitic Cloud, Hailstorm.
     0 | D:1      | Reached XP level 1. HP: 15/15 MP: 2/2
   373 | D:1      | Slain by a hobgoblin

Illustrated notes

Levels and vault maps discovered:
D:1:      dpeg_arrival_brainrot, layout_rooms

Action                   || total
-------------------------++-------
Melee: Short sword       ||    16
       Dagger            ||     7
 Cast: Shock             ||     6
  Use: Potion            ||     2
Armor: Robe              ||     4
Dodge: Dodged            ||    12

Table legend: (Time is in decaauts)
 A = Elapsed time spent in this place.
 B = Non-inter-level travel time spent in this place.
 C = Inter-level travel time spent in this place.
 D = Time resting spent in this place.
 E = Time spent auto-exploring this place.
 F = Levels seen in this place.
 G = Mean time per level.
                   A        B        C        D        E       F      G
               +--------+--------+--------+--------+--------+-----+--------+
         Total |    372 |    372 |      0 |      5 |    279 |   1 |  372.0 |
       Dungeon |    372 |    372 |      0 |      5 |    279 |   1 |  372.0 |
               +--------+--------+--------+--------+--------+-----+--------+

Top non-repeatable levels by time:
     D:1: 372 daAuts
